 Dungeon Crawl Stone Soup version 0.30-a0-859-gf88a04b62d (webtiles) character file.

Game seed: 7941657115159325651

26 mandoloar the Stinger (level 3, -1/25 HPs)
             Began as a Gnoll Venom Mage on Mar 6, 2023.
             Killed from afar by Sigmund (5 damage)
             ... with a puff of flame
             ... on level 2 of the Dungeon.
             The game lasted 00:05:35 (2126 turns).

mandoloar the Stinger (Gnoll Venom Mage)            Turns: 2126, Time: 00:05:36

Health: -1/25      AC:  8    Str:  7    XL:     3   Next: 8%
Magic:  5/9        EV: 13    Int: 16    God:
Gold:   74         SH:  0    Dex: 12    Spells: 11/12 levels left

rFire   . . .      SeeInvis .    a - +0 mace
rCold   . . .      Faith    .    (no shield)
rNeg    . . .      Spirit   .    d - +0 robe
rPois   .          Reflect  .    (no helmet)
rElec   .          Rampage  .    (no cloak)
rCorr   .                        f - +2 pair of gloves
Will    .....                    i - +2 pair of boots
Stlth   ++                       (no amulet)
HPRegen 0.24/turn                (no ring)
MPRegen 0.11/turn                (no ring)

@: brilliant
A: fangs 1, strong nose, distributed training
a: no special abilities


You were on level 2 of the Dungeon.
You visited 1 branch of the dungeon, and saw 2 of its levels.

You collected 74 gold pieces.

Inventory:

Hand Weapons
 a - a +0 mace (weapon)
 b - a +0 hand axe
Armour
 d - a +0 robe (worn)
 f - a +2 pair of gloves (worn)
 i - a +2 pair of boots (worn)
Scrolls
 g - a scroll of enchant armour {unknown}
Potions
 e - 3 potions of magic
 h - 2 potions of flight
 j - a potion of might {unknown}
 k - a potion of mutation {unknown}
 l - 2 potions of curing {unknown}


   Skills:
 + Level 0.6 Fighting
 + Level 0.6 Short Blades
 + Level 0.6 Long Blades
 + Level 0.6 Axes
 + Level 0.6 Maces & Flails
 + Level 0.6 Polearms
 + Level 0.6 Staves
 + Level 0.6 Ranged Weapons
 + Level 0.6 Throwing
 + Level 0.6 Armour
 + Level 4.5 Dodging
 + Level 4.1 Stealth
 + Level 0.6 Shields
 + Level 0.6 Unarmed Combat
 + Level 5.0 Spellcasting
 + Level 0.4 Conjurations
 + Level 0.4 Hexes
 + Level 0.4 Summonings
 + Level 0.4 Necromancy
 + Level 0.4 Translocations
 + Level 2.1 Transmutations
 + Level 0.4 Fire Magic
 + Level 0.4 Ice Magic
 + Level 0.4 Air Magic
 + Level 0.4 Earth Magic
 + Level 5.4 Poison Magic
 + Level 0.8 Invocations
 + Level 0.6 Evocations


You had 11 spell levels left.
You knew the following spells:

 Your Spells              Type           Power      Damage    Failure   Level
a - Sting                 Tmut/Pois      96%        1d7       3%          1

Your spell library contained the following spells:

 Spells                   Type           Power      Damage    Failure   Level
 Poisonous Vapours        Pois/Air       40%        N/A       7%          2
 Wereblood                Tmut           16%        N/A       10%         2
 Olgreb's Toxic Radiance  Pois           31%        N/A       17%         4
 Static Discharge         Conj/Air       16%        2-3/arc   19%         2
 Sublimation of Blood     Necr           8%         N/A       19%         2
 Mephitic Cloud           Conj/Pois/Air  16%        N/A       19%         3
 Vhi's Electric Charge    Tloc/Air       16%        N/A       36%         3
 Arcjolt                  Conj/Air       4%         1d14      98%         5
 Lightning Bolt           Conj/Air       4%         1d15      98%         5
 Summon Hydra             Summ           4%         N/A       100%        7


Dungeon Overview and Level Annotations

Branches:
Dungeon (2/15)

Altars:

Annotations:
D:2 Sigmund


Innate Abilities, Weirdness & Mutations

You have very sharp teeth.
Your uncanny sense of smell can sniff out nearby items.
Your experience applies equally to all skills.


Message History

You feel a surge of power! Something hits you but does no damage.
Casting: Sting (safe; 3% risk of failure)
Confirm with . or Enter, or press ? or * to list all spells.
Aiming: Sting (safe; 3% risk of failure)
Press: ? - help, Shift-Dir - straight line You feel a surge of power!
Something hits you.
You barely miss something. Something barely misses you.
You closely miss something. Something hits you.
You barely miss something. Your bite misses something.
Something hits you but does no damage.
You hit something. Your bite misses something.
Something hits you but does no damage.
You barely miss something. Something hits you!
* * * LOW HITPOINT WARNING * * *
Casting: Sting (safe; 3% risk of failure)
Confirm with . or Enter, or press ? or * to list all spells.
You can't see any susceptible monsters within range! (Use Z to cast anyway.)
You completely miss something. You bite something.
Casting: Sting (safe; 3% risk of failure)
Confirm with . or Enter, or press ? or * to list all spells.
Aiming: Sting (safe; 3% risk of failure)
Press: ? - help, Shift-Dir - straight line You feel a surge of power!
The sting hits something.
You hear some strange, mumbled words.
Something tries to affect you, but you resist.
Casting: Sting (safe; 3% risk of failure)
Confirm with . or Enter, or press ? or * to list all spells.
Aiming: Sting (safe; 3% risk of failure)
Press: ? - help, Shift-Dir - straight line You feel a surge of power!
The sting hits something.
You hear some strange, mumbled words.
Something tries to affect you, but you resist.
You barely miss something. Your bite misses something. Something hits you.
* * * LOW HITPOINT WARNING * * *
You closely miss something. Your bite misses something.
You hear some strange, mumbled words.
A puff of flame appears from out of thin air!
The puff of flame hits you.
You die...

#.# ####.### ##.###.# # #.#
##.#### #.# #.# ## #.# #.....#
#.# #.# #. #.# #.....#
##'###.###. #.# #.....#
##@..##..... #.##### ####.##
##.....#####. ......# ##.##
##.......## #.
....#.#######...####.........###.
................@{.'.........+...
..#.#.######....####.........###.
.##.#.# #.#.## ##.......###..
...#..# #.### ##.....###<..
..###.## #.# ##...####... .##
##.## #.# #.......... ## ##.# #.#
#..#####... .## ##.## #.# #..#
#..# #.###.## #.##########..###
#..#


There were no monsters in sight!

Vanquished Creatures
  3 ball pythons
  A bat (D:2)
  A giant cockroach (D:2)
  6 goblins
  2 hobgoblins (D:1)
  5 kobolds
  2 quokkas
  4 rats
24 creatures vanquished.

Notes
Turn   | Place    | Note
-------+----------+-------------------------------------------
     0 | D:1      | mandoloar the Gnoll Venom Mage began the quest for the Orb.
     0 | D:1      | Reached XP level 1. HP: 13/13 MP: 6/6
   338 | D:1      | Reached XP level 2. HP: 19/19 MP: 3/7
  1853 | D:2      | Reached skill level 5 in Spellcasting
  1853 | D:2      | Reached XP level 3. HP: 25/25 MP: 6/9
  1974 | D:2      | Noticed Sigmund
  2126 | D:2      | Killed from afar by Sigmund

Illustrated notes

Levels and vault maps discovered:
D:1:      lemuel_arrival_broad_hall, layout_loops_cross
D:2:      layout_loops_corners, hellmonk_ecumenical_altar_pennies_from_heaven,
          uniq_sigmund, uniq_jessica

Skill      XL: |  1  2 |
---------------+-------+-----
Transmutations | 2 |  2.1
Spellcasting   | 5 |  5.0
Fighting       | |  0.6
Short Blades   | |  0.6
Long Blades    | |  0.6
Axes           | |  0.6
Maces & Flails | |  0.6
Polearms       | |  0.6
Staves         | |  0.6
Ranged Weapons | |  0.6
Throwing       | |  0.6
Armour         | |  0.6
Dodging        | |  4.5
Stealth        | |  4.1
Shields        | |  0.6
Unarmed Combat | |  0.6
Conjurations   | |  0.4
Hexes          | |  0.4
Summonings     | |  0.4
Necromancy     | |  0.4
Translocations | |  0.4
Fire Magic     | |  0.4
Ice Magic      | |  0.4
Air Magic      | |  0.4
Earth Magic    | |  0.4
Poison Magic   | |  5.4
Invocations    | |  0.8
Evocations     | |  0.6

Action                     || total
---------------------------++-------
  Melee: Mace              ||    10
         Bite              ||     1
   Cast: Sting             ||    50
    Use: Scroll            ||     2
         Potion            ||     1
 Armour: Robe              ||     5
  Dodge: Dodged            ||    15

Table legend: (Time is in decaauts)
 A = Elapsed time spent in this place.
 B = Non-inter-level travel time spent in this place.
 C = Inter-level travel time spent in this place.
 D = Time resting spent in this place.
 E = Time spent auto-exploring this place.
 F = Levels seen in this place.
 G = Mean time per level.
                   A        B        C        D        E       F      G
               +--------+--------+--------+--------+--------+-----+--------+
         Total |   2126 |   2001 |    125 |    817 |    861 |   2 | 1063.0 |
       Dungeon |   2126 |   2001 |    125 |    817 |    861 |   2 | 1063.0 |
               +--------+--------+--------+--------+--------+-----+--------+

Top non-repeatable levels by time:
     D:1: 1270 daAuts
     D:2: 856 daAuts
